 Dungeon Crawl Stone Soup version 0.27-a0-650-g8dd3ea4f36 (webtiles) character file.

Game seed: 14588172031659729209

123 lunkers the Skirmisher (level 5, -8/57 HPs)
             Began as an Ogre Warper on Mar 15, 2021.
             Splashed by Ijyb's acid (15 damage)
             ... on level 3 of the Dungeon.
             The game lasted 00:05:36 (3665 turns).

lunkers the Skirmisher (Ogre Warper)                Turns: 3665, Time: 00:05:36

Health: -8/57      AC:  3    Str: 16    XL:     5   Next: 7%
Magic:  8/8        EV: 13    Int: 14    God:
Gold:   151        SH:  0    Dex:  8    Spells: 8/8 levels left

rFire    . . .     SeeInvis .   j - +5 short sword
rCold    . . .     Faith    .   (no shield)
rNeg     . . .     Spirit   .   b - +0 robe
rPois    .         Reflect  .   (helmet restricted)
rElec    .         Harm     .   (no cloak)
rCorr    .         Rampage  .   (gloves unavailable)
Will     .....                  (boots unavailable)
Stlth    +.........             g - amulet of magic regeneration
HPRegen  0.19/turn              v - +4 ring of evasion
MPRegen  0.36/turn              (no ring)

@: hasted, very quick
A: large, unfitting armour, tough skin 1
a: no special abilities


You were on level 3 of the Dungeon.
You visited 1 branch of the dungeon, and saw 4 of its levels.

You collected 151 gold pieces.

Inventory:

Hand Weapons
 a - a +0 mace
 j - a +5 short sword (weapon)
Missiles
 e - 2 boomerangs of dispersal
 k - 93 stones
 l - 3 poisoned darts
 s - 5 javelins
Armour
 b - a +0 robe (worn)
Jewellery
 g - an amulet of magic regeneration (around neck)
 v - a +4 ring of evasion (right hand)
Scrolls
 c - a scroll of enchant armour {unknown}
 d - a scroll of blinking
 i - a scroll of teleportation {unknown}
 n - a scroll of immolation {unknown}
 r - a scroll of random uselessness {unknown}
Potions
 f - a potion of cancellation
 h - 2 potions of curing
 m - a potion of flight
 o - a potion of mutation {unknown}
 p - a potion of attraction {unknown}
 q - a potion of ambrosia {unknown}
 t - a potion of resistance {unknown}


   Skills:
 + Level 5.0 Fighting
 + Level 3.5 Maces & Flails
 - Level 1.0 Throwing
 - Level 2.1 Dodging
 - Level 2.4 Spellcasting
 - Level 2.6 Translocations


You had 8 spell levels left.
You didn't know any spells.
Your spell library contained the following spells:

 Spells                   Type           Power      Damage    Failure   Level
 Blink                    Tloc           N/A        N/A       12%         2
 Gell's Gravitas          Tloc           4%         N/A       22%         3
 Lesser Beckoning         Tloc           4%         N/A       22%         3
 Teleport Other           Tloc           9%         N/A       22%         3
 Manifold Assault         Tloc           9%         N/A       58%         4


Dungeon Overview and Level Annotations

Branches:
Dungeon (4/15)
 Temple: D:4-7

Altars:
Ru
The Shining One

Annotations:
D:3 Ijyb


Innate Abilities, Weirdness & Mutations

You are too large for most types of armour.
You have tough skin. (AC +1)


Message History

Ijyb hits you but does no damage.
Unknown command.
You hit Ijyb.
Ijyb is heavily wounded.
Ijyb hits you with a +0 club.
* * * LOW HITPOINT WARNING * * *
You hit Ijyb.
Ijyb is severely wounded.
Ijyb hits you with a +0 club.
* * * LOW HITPOINT WARNING * * *
You barely miss Ijyb.
Ijyb is severely wounded.
Ijyb zaps a wand.
The bolt of acid misses you.
You hit Ijyb but do no damage.
Ijyb is severely wounded.
You barely miss Ijyb.
Ijyb is severely wounded.
Ijyb barely misses you.
Unknown command.
Unknown command.
You hit Ijyb but do no damage.
Ijyb is severely wounded.
Unknown command.
You hit Ijyb but do no damage.
Ijyb is severely wounded.
Ijyb hits you with a +0 club.
* * * LOW HITPOINT WARNING * * *
Unknown command.
You hit Ijyb but do no damage.
Ijyb is severely wounded.
Ijyb hits you but does no damage.
Unknown command.
Unknown command.
Unknown command.
You hit Ijyb but do no damage.
Ijyb is severely wounded.
Ijyb zaps a wand.
The bolt of acid hits you!
* * * LOW HITPOINT WARNING * * *
You are splashed with acid!
You die...

######
##....############
#@g...'...........
#.....############
#.....#.........#
#.....#.........#
#.....#.(.......#
#.....#.....[...##
#.....'.........'.
####+##.........##
#.##.........##


You could see Ijyb.

Vanquished Creatures
  A worker ant (D:4)
  2 hound skeletons
  An adder (D:2)
  An ooze (D:2)
  2 worms (D:3)
  A dart slug (D:2)
  4 leopard geckos
  A ball python (D:2)
  3 bats
  A giant cockroach (D:4)
  2 goblins (D:2)
  6 hobgoblins
  2 quokkas
  4 frilled lizards
  10 kobolds
  9 rats
50 creatures vanquished.

Notes
Turn   | Place    | Note
-------+----------+-------------------------------------------
     0 | D:1      | lunkers the Ogre Warper began the quest for the Orb.
     0 | D:1      | Reached XP level 1. HP: 22/22 MP: 3/3
   365 | D:1      | Reached skill level 3 in Fighting
   382 | D:1      | Reached XP level 2. HP: 31/31 MP: 5/5
  1043 | D:2      | Reached XP level 3. HP: 36/37 MP: 6/6
  1556 | D:2      | Reached skill level 4 in Fighting
  1773 | D:2      | Found a sacrificial altar of Ru.
  1773 | D:2      | Found a glowing golden altar of the Shining One.
  2274 | D:3      | Reached XP level 4. HP: 25/48 MP: 7/7
  3357 | D:4      | Reached skill level 5 in Fighting
  3357 | D:4      | Reached XP level 5. HP: 57/57 MP: 8/8
  3359 | D:4      | Noticed Ijyb
  3665 | D:3      | Splashed by Ijyb's acid

Illustrated notes

Levels and vault maps discovered:
D:1:      dpeg_arrival_lava_altar, layout_basic
D:2:      layout_basic, gammafunk_temple_overflow_pools
D:3:      layout_basic
D:4:      layout_loops_ring, kennysheep_little_box, uniq_pikel, uniq_ijyb,
          uniq_natasha

Skill      XL: |  1  2  3  4 |
---------------+-------------+-----
Maces & Flails | 2 3 |  3.5
Fighting       | 3 4 5 |  5.0
Throwing       | |  1.0
Dodging        | |  2.1
Spellcasting   | |  2.4
Translocations | |  2.6

Action                   |  1- 3 |  4- 6 || total
-------------------------+-------+-------++-------
Melee: Mace              |    23 |       ||    23
       Short sword       |    81 |    73 ||   154
Throw: Boomerang         |       |     3 ||     3
       Dart              |       |     2 ||     2
       Javelin           |       |     1 ||     1
  Use: Scroll            |     4 |       ||     4
       Potion            |       |     1 ||     1
Armor: Robe              |    28 |    11 ||    39
Dodge: Dodged            |    52 |    62 ||   114

Table legend: (Time is in decaauts)
 A = Elapsed time spent in this place.
 B = Non-inter-level travel time spent in this place.
 C = Inter-level travel time spent in this place.
 D = Time resting spent in this place.
 E = Time spent auto-exploring this place.
 F = Levels seen in this place.
 G = Mean time per level.
                   A        B        C        D        E       F      G
               +--------+--------+--------+--------+--------+-----+--------+
         Total |   3682 |   3639 |     43 |    451 |   2747 |   4 |  920.5 |
       Dungeon |   3682 |   3639 |     43 |    451 |   2747 |   4 |  920.5 |
               +--------+--------+--------+--------+--------+-----+--------+

Top non-repeatable levels by time:
     D:3: 1656 daAuts
     D:2: 982 daAuts
     D:1: 973 daAuts
     D:4: 69 daAuts
